 Dungeon Crawl Stone Soup version 0.30-a0-715-gdb4ae3e (webtiles) character file.

Game seed: 14652164444781762965

1182 malesh the Slasher (level 8, -4/60 HPs)
             Began as a Demonspawn Gladiator on Jan 23, 2023.
             Slain by a vampire (6 damage)
             ... on level 5 of the Dungeon.
             The game lasted 00:29:46 (4139 turns).

malesh the Slasher (Demonspawn Gladiator)           Turns: 4139, Time: 00:29:46

Health: -4/60      AC:  6    Str: 14    XL:     8   Next: 19%
Magic:  8/8        EV: 13    Int: 10    God:
Gold:   174        SH:  0    Dex: 17    Spells: 7/7 levels left

rFire   + . .      SeeInvis .    a - +1 long sword
rCold   + . .      Faith    .    (no shield)
rNeg    . . .      Spirit   .    b - +0 leather armour
rPois   .          Reflect  .    c - +1 helmet
rElec   .          Harm     .    i - scarf {rC+ rF+}
rCorr   .          Rampage  .    w - +0 pair of gloves
Will    .....                    (no boots)
Stlth   ++                       g - amulet of regeneration
HPRegen 1.10/turn                (no ring)
MPRegen 0.22/turn                (no ring)

@: mighty, hasted, very quick
A: demonic guardian 2, magic regeneration, weakness stinger 1
a: no special abilities


You were on level 5 of the Dungeon.
You visited 1 branch of the dungeon, and saw 5 of its levels.

You collected 174 gold pieces.

Inventory:

Hand Weapons
 a - a +1 long sword (weapon)
Missiles
 e - a javelin (quivered)
 x - 20 poisoned darts
Armour
 b - a +0 leather armour (worn)
 c - a +1 helmet (worn)
 i - a scarf of resistance (worn)
 w - a +0 pair of gloves (worn)
Jewellery
 g - an amulet of regeneration (around neck)
 t - a ring of positive energy
Wands
 p - a wand of roots (1)
Scrolls
 f - 3 scrolls of magic mapping
 h - 4 scrolls of immolation
 k - a scroll of identify
 o - 2 scrolls of teleportation
 r - a scroll of fog
 v - a scroll of amnesia
 y - a scroll of vulnerability {unknown}
Potions
 l - a potion of ambrosia
 m - a potion of curing {unknown}
 n - 3 potions of cancellation
 s - a potion of haste
 u - a potion of attraction {unknown}
 z - a potion of berserk rage {unknown}
 A - a potion of invisibility {unknown}


   Skills:
 + Level 4.0 Fighting
 + Level 6.6 Long Blades
 + Level 2.1 Throwing
 + Level 2.9 Armour
 + Level 4.1 Dodging
 + Level 3.3 Stealth


You had 7 spell levels left.
You didn't know any spells.
Your spell library contained the following spells:

 Spells                   Type           Power      Damage    Failure   Level
 Blink                    Tloc           0%         N/A       56%         2
 Lesser Beckoning         Tloc           0%         N/A       56%         2
 Momentum Strike          Conj/Tloc      0%         3d8       56%         2


Dungeon Overview and Level Annotations

Branches:
Dungeon (5/15)
 Temple: D:4-7

Altars:

Annotations:
D:5 exclusion: centaur


Innate Abilities, Weirdness & Mutations

A demonic guardian rushes to your aid.
You regenerate magic rapidly.
You have a small tail.


Message History

You closely miss the vampire.
The vampire is moderately damaged.
The vampire hits you but does no damage.
The vampire bites you.
The vampire draws strength from your injuries!
Your rust devil barely misses the vampire.
The vampire hits you! The vampire bites you.
The vampire draws strength from your injuries!
Your rust devil hits the vampire.
The vampire seems to be corroded for longer.
The vampire mumbles some strange words.
The vampire flickers and vanishes!
Deactivating autopickup; reactivate with Ctrl-A.
You completely miss something.
Your rust devil hits something.
Something seems to be corroded for longer.
Something barely misses your rust devil.
Something bites your rust devil but does no damage.
Something hits your rust devil but does no damage.
Something barely misses your rust devil.
Your rust devil closely misses something.
Something hits your rust devil!
Something bites your rust devil but does no damage.
Something hits your rust devil.
Something bites your rust devil but does no damage.
You hit something.
Your tail-slap misses something.
You feel less confused. Something hits you!
* * * LOW HITPOINT WARNING * * *
Something bites you!
* * * LOW HITPOINT WARNING * * *
Something draws strength from your injuries!
You feel much better. Something barely misses you. Something bites you.
Something draws strength from your injuries!
You barely miss something. You tail-slap something! You closely miss something.
Something draws life force from you!!
* * * LOW HITPOINT WARNING * * *
You barely miss something. Something hits you!
* * * LOW HITPOINT WARNING * * *
Something bites you.
You die...

..# #........#
...###....###.###
.#.......# #....
#.#####..###.### ##.##
#......### ##...##
#.##.<....
##.....###.########
##..{....##.........
#..@4............###
...........####.####.#
#.###...#.## #..# #.#
##.#### #..# #.### #.
#..# #.... #. #..#
##### ######### #..#
≈§§≈≈≈≈≈≈# #..########
.§§.....≈# #..........


You could see a friendly rust devil (summoned).

Vanquished Creatures
  An ice beast (D:5)
  2 ogres (D:4)
  A phantom (D:4)
  A kobold brigand (D:5)
  A necrophage (D:5)
  3 scorpions (D:5)
  2 jellies
  An orc priest (D:3)
  An iguana (D:4)
  2 orc wizards
  Robin (D:2)
  6 gnolls (D:4)
  9 adders
  3 worms
  4 dart slugs
  12 orcs
  8 bats
  13 endoplasms
  4 giant cockroaches
  16 goblins
  9 hobgoblins
  10 jackals
  13 kobolds
  4 quokkas
  6 ball pythons
  12 rats
145 creatures vanquished.

Vanquished Creatures (collateral kills)
  An iguana (D:4)
  A gnoll (D:4)
  An adder (D:4)
  A white imp (D:4)
  A quokka (D:4)
5 creatures vanquished.

Vanquished Creatures (others)
  An orc wizard (D:4)
  3 plants
4 creatures vanquished.

Grand Total: 154 creatures vanquished

Notes
Turn   | Place    | Note
-------+----------+-------------------------------------------
     0 | D:1      | malesh the Demonspawn Gladiator began the quest for the
                  | Orb.
     0 | D:1      | Reached XP level 1. HP: 16/16 MP: 1/1
   265 | D:1      | Gained mutation: You regenerate magic rapidly. [demonic
                  | ancestry]
   265 | D:1      | Reached XP level 2. HP: 22/22 MP: 2/2
   493 | D:1      | Reached skill level 3 in Long Blades
   711 | D:1      | Reached XP level 3. HP: 27/27 MP: 3/3
   892 | D:2      | Reached skill level 1 in Stealth
  1080 | D:2      | Gained mutation: A weak demonic guardian rushes to your
                  | aid. [demonic ancestry]
  1080 | D:2      | Reached XP level 4. HP: 33/33 MP: 4/4
  1270 | D:2      | Noticed Robin
  1367 | D:2      | Reached skill level 1 in Armour
  1377 | D:2      | Killed Robin
  1668 | D:3      | Reached XP level 5. HP: 34/39 MP: 5/5
  1834 | D:3      | Reached skill level 4 in Long Blades
  2608 | D:4      | Gained mutation: A demonic guardian rushes to your aid.
                  | [demonic ancestry]
  2608 | D:4      | Reached XP level 6. HP: 46/46 MP: 6/6
  2970 | D:4      | Reached skill level 5 in Long Blades
  3285 | D:4      | Gained mutation: You have a small tail. [demonic ancestry]
  3285 | D:4      | Reached XP level 7. HP: 52/52 MP: 7/7
  3617 | D:5      | Entered Level 5 of the Dungeon
  3733 | D:5      | Reached skill level 6 in Long Blades
  3812 | D:5      | Reached XP level 8. HP: 56/60 MP: 8/8
  4139 | D:5      | HP: 2/60 [something (9)]
  4139 | D:5      | Slain by a vampire

Illustrated notes

Levels and vault maps discovered:
D:1:      dpeg_arrival_simpleton_b, layout_loops_corners, nrook_loot_triangle,
          hangedman_decor_growths
D:2:      layout_loops_cross, serial_bayou_pond_e, minmay_vboxes, uniq_robin
D:3:      layout_basic, serial_forest, infiniplex_forest_straight_5,
          infiniplex_forest_side_room, infiniplex_forest_zigzag_1,
          infiniplex_forest_straight_3, infiniplex_forest_clump_tiny,
          infiniplex_forest_corner_1, infiniplex_forest_lined_3, hex_large,
          corner_web_ring
D:4:      minmay_thinvault, layout_gridville, eino_tiny_chamber
D:5:      layout_loops_ring, minmay_temple_entry_poolview,
          kennysheep_generic_room_16

Skill      XL: |  1  2  3  4  5  6  7  8 |
---------------+-------------------------+-----
Dodging        | 3 4 |  4.1
Long Blades    | 3 4 5 6 |  6.6
Stealth        | 1 2 3 |  3.3
Armour         | 1 2 |  2.9
Fighting       | 3 4 |  4.0
Throwing       | 2 |  2.1

Action                     |  1- 3 |  4- 6 |  7- 9 || total
---------------------------+-------+-------+-------++-------
  Melee: Long sword        |   123 |   247 |   126 ||   496
         Punch             |     1 |     4 |     2 ||     7
         Tailslap          |       |       |    20 ||    20
  Throw: Throwing net      |       |     5 |     2 ||     7
         Dart              |       |     3 |       ||     3
    Use: Scroll            |       |     8 |     4 ||    12
         Potion            |       |       |     4 ||     4
   Stab: Sleeping          |     3 |     4 |     9 ||    16
         Distracted        |     1 |     3 |       ||     4
         Held in net/web   |       |     1 |       ||     1
 Armour: Leather armour    |    51 |    71 |    27 ||   149
  Dodge: Dodged            |   100 |   142 |    65 ||   307

Table legend: (Time is in decaauts)
 A = Elapsed time spent in this place.
 B = Non-inter-level travel time spent in this place.
 C = Inter-level travel time spent in this place.
 D = Time resting spent in this place.
 E = Time spent auto-exploring this place.
 F = Levels seen in this place.
 G = Mean time per level.
                   A        B        C        D        E       F      G
               +--------+--------+--------+--------+--------+-----+--------+
         Total |   4220 |   3996 |    224 |    113 |   2611 |   5 |  844.0 |
       Dungeon |   4220 |   3996 |    224 |    113 |   2611 |   5 |  844.0 |
               +--------+--------+--------+--------+--------+-----+--------+

Top non-repeatable levels by time:
     D:4: 1111 daAuts
     D:3: 879 daAuts
     D:2: 858 daAuts
     D:1: 848 daAuts
     D:5: 523 daAuts
